 Dungeon Crawl Stone Soup version 0.27.1-33-g824d729ab1 (webtiles) character file.

Game seed: 3903936334533029042

33 demibob the Chopper (level 3, -3/31 HPs)
             Began as a Minotaur Chaos Knight on Dec 7, 2021.
             Was a Plaything of Xom.
             Slain by Sigmund (6 damage)
             ... on level 2 of the Dungeon.
             The game lasted 00:01:53 (725 turns).

demibob the Chopper (Minotaur Chaos Knight)          Turns: 725, Time: 00:01:53

Health: -3/31      AC:  5    Str: 16 (17) XL:     3   Next: 12%
Magic:  2/2        EV: 11    Int:  6 (9)  God:    Xom [..*...]
Gold:   34         SH:  0    Dex:  7 (9)  Spells: 2/2 levels left

rFire    . . .     SeeInvis .   a - +0 hand axe (chaos)
rCold    . . .     Faith    .   (no shield)
rNeg     . . .     Spirit   .   b - +2 leather armour
rPois    +         Reflect  .   (helmet restricted)
rElec    .         Harm     .   (no cloak)
rCorr    .         Rampage  .   (no gloves)
Will     .....                  (no boots)
Stlth    ..........             (no amulet)
HPRegen  0.10/turn              P - ring of poison resistance
MPRegen  0.08/turn              (no ring)

@: confused, hasted, very quick
A: horns 2, retaliatory headbutt
a: Renounce Religion


You were on level 2 of the Dungeon.
You worshipped Xom.
You were a toy of Xom.
You visited 1 branch of the dungeon, and saw 2 of its levels.

You collected 34 gold pieces.


Innate Abilities, Weirdness & Mutations

You have a pair of horns on your head.
You reflexively headbutt those who attack you in melee.


   Skills:
 - Level 3.6 Fighting
 + Level 5.2 Axes
 - Level 2.4 Armour
 - Level 1.1 Dodging


You had 2 spell levels left.
You didn't know any spells.
Your spell library contained the following spells:

 Spells                   Type           Power      Damage    Failure   Level
 Portal Projectile        Hex/Tloc       0%         N/A       87%         3
 Blade Hands              Tmut           0%         N/A       100%        5
 Excruciating Wounds      Necr           0%         N/A       100%        5

Inventory:

Hand Weapons
 a - a +0 hand axe of chaos (weapon)
Armour
 b - a +2 leather armour (worn)
 j - a +1 leather armour of poison resistance
Jewellery
 C - a ring of ice
 P - a ring of poison resistance (left hand)
Scrolls
 d - 2 scrolls of vulnerability {unknown}
 f - a scroll of enchant weapon {unknown}
 i - a scroll of identify {@r1}
Potions
 e - a potion of magic
 h - a potion of ambrosia

Dungeon Overview and Level Annotations

Branches:
Dungeon (2/15)

Altars:

Annotations:
D:2 Sigmund

##.....< #. #. #......
.. .......#.###
#.###.#.#####..##
#.#..$.. ##..#
###.#...# ##.#
######....... ## #.#
........b.# .# #####.#
######@.#####.###......
#.....b{b.........###..
...##....#####.## #..
#b##.###....# #.# ...
#........# #.# ..##
#........# ####.# ..##
#........###..... .
..............(....
....####....#.#.....


There were no monsters in sight!


Message History

You hit Sigmund.
Sigmund flickers and vanishes!
Deactivating autopickup; reactivate with Ctrl-A.
You hear some strange, mumbled words.
Something tries to affect you, but you resist.
You hit something.
Nothing appears to happen.
Something hits you!
A shower of butterflies erupts from you!
You hit something but do no damage. Something hits you.
You closely miss something. You headbutt something. You closely miss something.
You hear some strange, mumbled words.
You are confused.
Something hits you but does no damage.
Okay, then.
Are you sure you want to stumble around while confused and next to your butterfly?
You bump into the rock wall.
Are you sure you want to stumble around while confused and next to your butterfly?
You miss something. Something hits you!
* * * LOW HITPOINT WARNING * * *
Are you sure you want to stumble around while confused and next to your butterfly?
Found 12 gold pieces.
Something hits you.
* * * LOW HITPOINT WARNING * * *
Are you sure you want to stumble around while confused and next to your butterfly?
Are you sure you want to stumble around while confused and next to your butterfly?
You're too confused to move!
Something hits you.
* * * LOW HITPOINT WARNING * * *
Are you sure you want to stumble around while confused and next to your butterfly?
You hit something. You burn something. Something hits you.
You die...

Skill      XL: |  1  2 |
---------------+-------+-----
Axes           | 4 5 |  5.2
Fighting       | |  3.6
Armour         | |  2.4
Dodging        | |  1.1

Action                   || total
-------------------------++-------
Melee: Hand axe          ||    44
       Headbutt          ||     7
  Use: Scroll            ||     3
       Potion            ||     2
Armor: Leather armour    ||    14
Dodge: Dodged            ||    18

Levels and vault maps discovered:
D:1:      roderic_chinese_lattice_arrival, layout_basic,
          hellmonk_ecumenical_altar_heavens_door
D:2:      layout_rooms, uniq_sigmund, uniq_robin

Notes
Turn   | Place    | Note
-------+----------+-------------------------------------------
     0 | D:1      | demibob the Minotaur Chaos Knight began the quest for the
                  | Orb.
     0 | D:1      | Reached XP level 1. HP: 19/19 MP: 0/0
   138 | D:1      | Reached skill level 4 in Axes
   172 | D:1      | Found a faded altar of an unknown god.
   237 | D:1      | Reached XP level 2. HP: 26/26 MP: 1/1
   479 | D:1      | Reached skill level 5 in Axes
   579 | D:2      | Reached XP level 3. HP: 31/31 MP: 2/2
   709 | D:2      | Noticed Sigmund
   713 | D:2      | XOM: potion effect (haste)
   716 | D:2      | XOM: butterfly on damage
   724 | D:2      | HP: 3/31 [something (6)]
   725 | D:2      | Slain by Sigmund

Vanquished Creatures
  3 dart slugs
  3 endoplasms (D:1)
  2 giant cockroaches (D:1)
  3 hobgoblins
  3 jackals (D:1)
  A kobold (D:1)
  A quokka (D:1)
  4 ball pythons (D:1)
  2 bats (D:1)
  2 rats (D:1)
24 creatures vanquished.

Table legend: (Time is in decaauts)
 A = Elapsed time spent in this place.
 B = Non-inter-level travel time spent in this place.
 C = Inter-level travel time spent in this place.
 D = Time resting spent in this place.
 E = Time spent auto-exploring this place.
 F = Levels seen in this place.
 G = Mean time per level.
                   A        B        C        D        E       F      G
               +--------+--------+--------+--------+--------+-----+--------+
         Total |    723 |    703 |     20 |      0 |    550 |   2 |  361.5 |
       Dungeon |    723 |    703 |     20 |      0 |    550 |   2 |  361.5 |
               +--------+--------+--------+--------+--------+-----+--------+

Top non-repeatable levels by time:
     D:1: 574 daAuts
     D:2: 148 daAuts

Table legend:
 A = Non-vault XP
 B = Vault XP
 C = Vault XP percentage of total XP
 D = Non-vault monster count
 E = Vault monster count
 F = Vault count percentage of total count
                 A         B        C        D         E       F
            +---------+---------+-------+---------+---------+-------
      Total |      48 |       0 |   0.0 |      24 |       0 |   0.0
            +---------+---------+-------+---------+---------+-------
        D:1 |      38 |       0 |   0.0 |      21 |       0 |   0.0
        D:2 |      10 |       0 |   0.0 |       3 |       0 |   0.0
            +---------+---------+-------+---------+---------+-------
